 Dungeon Crawl Stone Soup version bcrawl-1.21.3-2-g9d8a61a446 (webtiles) character file.

Game seed: 8513326910721043749

0 MisterOstroum the Firebug (level 1, 0/13 HPs)
             Began as a Human Fire Elementalist on Apr 18, 2020.
             Slain by a jackal (3 damage)
             ... on level 1 of the Dungeon.
             The game lasted 00:00:35 (85 turns).

MisterOstroum the Firebug (Human Fire Elementalist)   Turns: 85, Time: 00:00:35

Health: 0/13       AC:  2    Str:  8    XL:     1   Next: 11%
Magic:  0/3        EV: 12    Int: 15    God:
Gold:   0          SH:  0    Dex: 13    Spells: 3/4 levels left

rFire    . . .     SeeInvis .   (no weapon)
rCold    . . .     Gourm    .   (no shield)
rNeg     . . .     Faith    .   a - +0 robe
rPois    .         Spirit   .   (no helmet)
rElec    .         Reflect  .   (no cloak)
rCorr    .         Harm     .   (no gloves)
MR       .....                  (no boots)
Stlth    ++........             (no amulet)
HPRegen  0.04/turn              (no ring)
MPRegen  0.08/turn              (no ring)

@: no status effects
A: no striking features
a: no special abilities


You were on level 1 of the Dungeon.
You were not hungry.

You visited 1 branch of the dungeon, and saw 1 of its levels.

Inventory:

Missiles
 c - 40 stones (quivered)
Armour
 a - a +0 robe (worn)
 b - a +0 pair of gloves
Comestibles
 e - a ration {!d}


   Skills:
 * Level 0.2 Fighting
 - Level 2.1 Dodging
 - Level 2.4 Stealth
 - Level 2.0 Spellcasting
 - Level 1.1 Conjurations
 - Level 3.2 Fire Magic


You had 3 spell levels left.
You knew the following spells:

 Your Spells              Type           Power        Failure   Level  Hunger
a - Flame Tongue          Conj/Fire      #....        9%          1    #......

Your spell library contained the following spells:

 Spells                   Type           Power        Failure   Level  Hunger
 Flaming Arrows           Chrm/Fire      #.......     17%         2    ###....
 Conjure Flame            Conj/Fire      #.......     26%         3    ###....
 Inner Flame              Hex/Fire       N/A          34%         3    ###....
 Sticky Flame             Conj/Fire      #.......     65%         4    #####..
 Fireball                 Conj/Fire      #.........   94%         5    ######.


Dungeon Overview and Level Annotations

Branches:
Dungeon (1/12)

Altars:


Message History

The flame tongue hits the frilled lizard!
You kill the frilled lizard!
Casting: Flame Tongue (safe; 9% risk of failure)
Confirm with . or Enter, or press ? or * to list all spells.
Aiming: Flame Tongue (safe; 9% risk of failure)
Press: ? - help, Shift-Dir - straight line, f - jackal
Aim: a jackal The flame tongue hits the jackal but does no damage.
The jackal completely misses you.
Casting: Flame Tongue (safe; 9% risk of failure)
Confirm with . or Enter, or press ? or * to list all spells.
You don't have enough magic to cast that spell.
Casting: Flame Tongue (safe; 9% risk of failure)
Confirm with . or Enter, or press ? or * to list all spells.
You don't have enough magic to cast that spell.
Casting: Flame Tongue (safe; 9% risk of failure)
Confirm with . or Enter, or press ? or * to list all spells.
You don't have enough magic to cast that spell.
You hit the jackal.
The jackal is heavily wounded.
The jackal barely misses you.
You closely miss the jackal.
The jackal is heavily wounded.
The jackal bites you. x2
You closely miss the jackal.
The jackal is heavily wounded.
The jackal barely misses you.
You hit the jackal.
The jackal is severely wounded.
The jackal bites you but does no damage.
The jackal bites you.
You hit the jackal but do no damage.
The jackal is severely wounded.
The jackal barely misses you.
You hit the jackal but do no damage.
The jackal is severely wounded.
The jackal bites you.
You are too injured to fight recklessly!
You are too injured to fight recklessly!
The jackal barely misses you.
You see here 113 javelins.
The jackal bites you. The jackal closely misses you.
The jackal bites you but does no damage.
The jackal bites you. The jackal barely misses you.
The jackal bites you but does no damage.
The jackal barely misses you.
Casting: Flame Tongue (safe; 9% risk of failure)
Confirm with . or Enter, or press ? or * to list all spells.
Aiming: Flame Tongue (safe; 9% risk of failure)
Press: ? - help, Shift-Dir - straight line, f/p - jackal
Aim: a jackal (severely wounded)
The flame tongue misses the jackal. x2; The jackal bites you.
* * * LOW HITPOINT WARNING * * *
The jackal barely misses you.
Casting: Flame Tongue (safe; 9% risk of failure)
Confirm with . or Enter, or press ? or * to list all spells.
Aiming: Flame Tongue (safe; 9% risk of failure)
Press: ? - help, Shift-Dir - straight line, f/p - jackal
Aim: a jackal (heavily wounded)
The flame tongue misses the jackal.
The flame tongue hits the jackal.
The jackal is moderately wounded.
The jackal barely misses you.
Casting: Flame Tongue (safe; 9% risk of failure)
Confirm with . or Enter, or press ? or * to list all spells.
You don't have enough magic to cast that spell.
The jackal misses you. The jackal completely misses you.
Casting: Flame Tongue (safe; 9% risk of failure)
Confirm with . or Enter, or press ? or * to list all spells.
Aiming: Flame Tongue (safe; 9% risk of failure)
Press: ? - help, Shift-Dir - straight line, f/p - jackal
Aim: a jackal (heavily wounded)
The flame tongue hits the jackal.
The jackal is severely wounded.
The jackal closely misses you.
The jackal bites you but does no damage.
You aren't carrying any scrolls.
You hit the jackal but do no damage.
The jackal is severely wounded.
The jackal barely misses you.
Are you sure you want to abandon this character and quit the game? (Confirm with "yes".)
Okay, then.
Unknown command.
You hit the jackal but do no damage.
The jackal is severely wounded.
The jackal barely misses you.
The jackal bites you but does no damage.
You miss the jackal.
The jackal is severely wounded.
The jackal barely misses you.
You barely miss the jackal.
The jackal is severely wounded.
The jackal bites you.
* * * LOW HITPOINT WARNING * * *
You closely miss the jackal.
The jackal is severely wounded.
The jackal bites you.
You die...

#.# #.# #.#
#..<#
##.###.###.#
#####
....K.....h#
.#.###.###.#
##### .#.#
#.# #.# #...
h#.# ###
#.###.# ...#
#h....# ...#
#.###h###
.....# ...#
#hh@# ##.###
##### #####
#... ..## ..


You could see 3 jackals.

Vanquished Creatures
  A frilled lizard (D:1)
1 creature vanquished.

Notes
Turn   | Place    | Note
-------+----------+-------------------------------------------
     0 | D:1      | MisterOstroum the Human Fire Elementalist began the quest
                  | for the Orb.
     0 | D:1      | Reached XP level 1. HP: 13/13 MP: 3/3
    85 | D:1      | Slain by a jackal

Action                   || total
-------------------------++-------
Melee: Unarmed           ||    11
 Cast: Flame Tongue      ||     6
Armor: Robe              ||     5
Dodge: Dodged            ||    16
